 Dungeon Crawl Stone Soup version 0.22-a0-274-gf8199ec (webtiles) character file.

1134 b5mith the Slinger (level 8, -2/54 HPs)
             Began as a Halfling Hunter on Mar 13, 2018.
             Was an Initiate of Makhleb.
             Killed by divine providence
             ... invoked by an orc priest
              (16 damage)
             ... on level 5 of the Dungeon.
             The game lasted 00:22:12 (4887 turns).

b5mith the Slinger (Halfling Hunter)                Turns: 4887, Time: 00:22:13

Health: -2/54      AC: 12    Str: 15    XL:     8   Next: 62%
Magic:  8/8        EV: 17    Int:  9    God:    Makhleb [......]
Gold:   200        SH:  0    Dex: 15    Spells: 7/7 levels left

rFire    . . .     SeeInvis .   a - +1 hunting sling
rCold    . . .     Gourm    .   (shield restricted)
rNeg     . . .     Faith    .   o - +3 leather armour {MR+}
rPois    .         Spirit   .   t - +2 helmet
rElec    .         Reflect  .   (no cloak)
rCorr    .         Harm     .   (no gloves)
MR       +....                  (no boots)
Stlth    +++.......             x - amulet of regeneration
HPRegen  0.58/turn              h - +3 ring of protection
MPRegen  0.11/turn              (no ring)

@: about to teleport
A: small, mutation resistance 1
a: Renounce Religion


You were on level 5 of the Dungeon.
You worshipped Makhleb.
Makhleb was noncommittal.
You were not hungry.

You visited 2 branches of the dungeon, and saw 7 of its levels.

You collected 200 gold pieces.

Inventory:

Hand Weapons
 a - a +1 hunting sling (weapon)
 b - a +0 short sword
 v - a +1 short sword of electrocution
Missiles
 e - 81 stones
 k - 4 javelins
 p - 2 sling bullets (quivered)
Armour
 c - a +0 leather armour
 o - a +3 leather armour of magic resistance (worn)
 t - a +2 helmet (worn)
Jewellery
 h - a +3 ring of protection (left hand)
 u - an uncursed ring of flight {unknown}
 x - an amulet of regeneration (around neck)
Wands
 d - a wand of flame (11)
 C - a wand of digging (19)
Scrolls
 i - 5 scrolls of identify {@r1}
 j - a scroll of fog {unknown}
 l - a scroll of enchant armour {unknown}
 q - a scroll of blinking {unknown}
 r - a scroll of immolation {unknown}
 w - a scroll of magic mapping {unknown}
 y - a scroll of enchant weapon {unknown}
Potions
 g - a potion of haste
 n - 2 potions of heal wounds
 s - a potion of agility {unknown}
 z - a potion of flight {unknown}
 A - a potion of degeneration {unknown}
 B - 2 potions of curing {@q1}
Comestibles
 f - 4 rations


   Skills:
 + Level 4.7 Fighting
 + Level 9.0 Slings
 + Level 5.6 Dodging
 + Level 5.7 Stealth


You had 7 spell levels left.
You didn't know any spells.

Dungeon Overview and Level Annotations

Branches:
Dungeon (6/15)             Temple (1/1) D:4

Altars:
Ashenzari
Cheibriados
Dithmenos
Elyvilon
Fedhas
Hepliaklqana
Kikubaaqudgha
Makhleb
Nemelex Xobeh
Okawaru
Qazlal
Ru
Uskayaw
Vehumet
Wu Jian
Xom
Yredelemnul
Zin
The Shining One


Innate Abilities, Weirdness & Mutations

You are small and have problems with some larger weapons.
You are somewhat resistant to further mutation.


Message History

You shoot a sling bullet. The sling bullet hits the orc priest!
The orc priest is almost dead.
The bullfrog hits you but does no damage.
The orc wizard hits you but does no damage.
Firing (i - inventory. (/) - cycle)
p - 3 sling bullets (quivered)
Press: ? - help, Shift-Dir - straight line, f/p - orc priest
Aim: an orc priest, wearing a scale mail (almost dead)
You shoot a sling bullet.
The sling bullet hits the orc priest but does no damage.
The orc priest is almost dead.
The orc priest invokes the aid of Beogh against you.
Beogh smites you!
* * * LOW HITPOINT WARNING * * *
The bullfrog barely misses you.
As you read the scroll of teleportation, it crumbles to dust.
You feel strangely unstable. The bullfrog misses you.
The orc wizard closely misses you.
The orc priest mumbles some strange prayers to Beogh against you.
Beogh smites you!
You die...

.#### ######.##.#.#
....# #.##.#.# .##.#
#.##.#.# .#..#
#.##.#.## ....#
#.##.#..# #...#
#.##.#..# #...##
##.##....#
#._..#######..(oF..##
#.............##@###
#...#########.##o#
....#########.##.#
..............##.#
################.#
##........#
#.........#
#..######## #..#


You could see a bullfrog, an orc priest and an orc wizard.

Vanquished Creatures
  The ghost of Stello111 the Conjurer, an amateur OpWz of Gozag (D:5)
  Edmund (D:4)
  An ogre (D:4)
  2 phantoms
  A big kobold (D:4)
  A howler monkey (D:4)
  A hound (D:4)
  A centaur skeleton (D:5)
  An orc priest (D:4)
  An iguana (D:4)
  Ijyb (D:3)
  An orc wizard (D:4)
  3 worker ants
  Terence (D:3)
  A howler monkey zombie (D:5)
  8 adders
  An ooze (D:1)
  7 worms
  2 leopard geckos (D:4)
  17 orcs
  6 giant cockroaches
  2 goblins (D:2)
  7 hobgoblins
  11 jackals
  7 kobolds
  3 quokkas
  A ball python skeleton (D:4)
  10 bats
  6 frilled lizards
  2 giant cockroach zombies
  6 rats
114 creatures vanquished.

Notes
Turn   | Place    | Note
-------+----------+-------------------------------------------
     0 | D:1      | b5mith the Halfling Hunter began the quest for the Orb.
     0 | D:1      | Reached XP level 1. HP: 14/14 MP: 1/1
   188 | D:1      | Reached skill level 6 in Slings
   188 | D:1      | Reached XP level 2. HP: 14/19 MP: 2/2
   734 | D:2      | Reached XP level 3. HP: 24/24 MP: 3/3
   830 | D:2      | Found an ornate altar of the Wu Jian Council.
  1082 | D:2      | Reached XP level 4. HP: 25/30 MP: 4/4
  1515 | D:3      | Noticed Terence
  1523 | D:3      | Killed Terence
  1551 | D:3      | Reached XP level 5. HP: 30/35 MP: 5/5
  1616 | D:3      | Noticed Ijyb
  1647 | D:3      | Killed Ijyb
  2120 | D:3      | Reached skill level 7 in Slings
  2224 | D:3      | Found an iron altar of Okawaru.
  2224 | D:3      | Found a basalt altar of Yredelemnul.
  2229 | D:3      | Found a glowing silver altar of Zin.
  2231 | D:3      | Found a hazy altar of Hepliaklqana.
  2234 | D:3      | Found a snail-covered altar of Cheibriados.
  2291 | D:4      | Noticed a big kobold
  2299 | D:4      | Killed a big kobold
  2299 | D:4      | Reached XP level 6. HP: 42/42 MP: 6/6
  2316 | D:4      | Found a radiant altar of Vehumet.
  2448 | D:4      | Noticed a phantom
  2450 | D:4      | Noticed Edmund
  2483 | D:4      | Killed Edmund
  2483 | D:4      | Reached XP level 7. HP: 36/46 MP: 7/7
  2634 | D:4      | Reached skill level 8 in Slings
  2639 | D:4      | Found a staircase to the Ecumenical Temple.
  2816 | D:4      | Reached XP level 8. HP: 11/54 MP: 8/8
  3359 | D:4      | Reached skill level 5 in Dodging
  3382 | D:4      | Reached skill level 5 in Stealth
  3620 | D:5      | Entered Level 5 of the Dungeon
  3665 | D:5      | Noticed Stello111's ghost (amateur OpWz)
  4009 | D:5      | Killed Stello111's ghost
  4158 | D:5      | Found a sacrificial altar of Ru.
  4200 | D:5      | Reached skill level 9 in Slings
  4260 | D:5      | Found a shimmering altar of Xom.
  4391 | Temple   | Entered the Ecumenical Temple
  4561 | Temple   | Became a worshipper of Makhleb the Destroyer
  4631 | D:5      | Found a hide-covered altar of Uskayaw.
  4631 | D:5      | Noticed a dagger
  4634 | D:5      | Noticed a hand axe
  4887 | D:5      | Killed from afar by an orc priest

Vault maps used:
D:1:      dpeg_arrival_tiny_i
D:2:      marbit_many_paths, first_ration
D:3:      chequers_temple_overflow_minitemple, uniq_terence, uniq_ijyb
D:4:      lemuel_round_altar, temple_fountains, grunt_decor_resistance,
          uniq_edmund
D:5:      lemuel_coloured_pillars_altar, tgw_xom, dancing_weapons_uskayaw
D:6:      lightli_temple_of_fire, led_sif_book
Temple:   nicolae_temple_figure_zero

Skill      XL: |  1  2  3  4  5  6  7  8 |
---------------+-------------------------+-----
Fighting       | 2 3 4 |  4.7
Slings         | 6 7 8 9 |  9.0
Stealth        | 2 3 4 5 |  5.7
Dodging        | 3 4 5 |  5.6

Action                   |  1- 3 |  4- 6 |  7- 9 || total
-------------------------+-------+-------+-------++-------
Melee: Short sword       |    36 |    75 |    62 ||   173
       Hunting sling     |       |       |     1 ||     1
 Fire: Hunting sling     |    68 |   155 |   194 ||   417
Throw: Stone             |       |     2 |       ||     2
Evoke: Wand              |       |       |    11 ||    11
  Use: Scroll            |       |     4 |     3 ||     7
       Potion            |       |     3 |     2 ||     5
 Stab: Sleeping          |       |       |     2 ||     2
  Eat: Chunk             |       |     4 |     3 ||     7
       Ration            |       |       |     2 ||     2
Armor: Leather armour    |    22 |    30 |    57 ||   109
Dodge: Dodged            |    66 |   109 |    96 ||   271

Table legend:
 A = Spawn XP
 B = Non-spawn XP
 C = Spawn XP percentage of total XP
 D = Spawn monster count
 E = Non-spawn monster count
 F = Spawn count percentage of total count
 G = Total turns spent on level
                    A         B        C        D         E        F      G
               +---------+---------+-------+---------+---------+-------+---------
         Total |       0 |    1620 |   0.0 |       0 |     114 |   0.0 |  4887
               +---------+---------+-------+---------+---------+-------+---------
           D:1 |       0 |      23 |   0.0 |       0 |      12 |   0.0 |   652
           D:2 |       0 |      56 |   0.0 |       0 |      22 |   0.0 |   442
           D:3 |       0 |     178 |   0.0 |       0 |      39 |   0.0 |  1197
           D:4 |       0 |     854 |   0.0 |       0 |      28 |   0.0 |  1397
           D:5 |       0 |     509 |   0.0 |       0 |      13 |   0.0 |  1007
               +---------+---------+-------+---------+---------+-------+---------
